TOP OF THE 1ST |
Vermont Lake Monsters batting - Pitching for Idaho Falls Chukars : RHP Gary Ackerman
|
Pitching: RHP Gary Ackerman
|
|
Batting: RHB Carlos Ballesteros
|
0-0: Ball 1-0: Swinging Strike 1-1: Called Strike 1-2: Ball 2-2: Foul Ball, location: 2F 2-2: Ball 3-2: Foul Ball, location: 2F 3-2: Fly out, F7 (Flyball, 7LM, EV 95.6 MPH)
|
Batting: LHB Juan Villafana
|
0-0: Called Strike 0-1: Called Strike 0-2: Foul Ball, location: 2F 0-2: DOUBLE (Flyball, 8RXD, EV 95.6 MPH)
|
Batting: RHB Jonathan Gallup
|
0-0: Ball 1-0: Ball 2-0: Ball 3-0: Base on Balls
|
Batting: LHB Chance Stever
|
0-0: Called Strike 0-1: Ball 1-1: Swinging Strike 1-2: Fielders Choice at 2nd, 2-4 (Groundball, 15S, EV 74.4 MPH) Juan Villafana to third
|
Batting: LHB Lee Gerken
|
0-0: Ball 1-0: Swinging Strike 1-1: Ball 2-1: Ball 3-1: Base on Balls Chance Stever to second
|
Batting: RHB Eduardo Chavez
|
0-0: Ball 1-0: Ball 2-0: Ball 3-0: Called Strike 3-1: Foul Ball, location: 2F 3-2: Foul Ball, location: 2F 3-2: Base on Balls Juan Villafana scores Chance Stever to third Lee Gerken to second
|
Pitching: RHP Philip Terrell
|
|
Batting: RHB Armando Estrada
|
0-0: Foul Ball, location: 2F 0-1: Foul Ball, location: 2F 0-2: Ball 1-2: Ball 2-2: Ground out U3 (Groundball, 34, EV 108.1 MPH)
|
Top of the 1st over - 1 run, 1 hit, 0 errors, 3 left on base; Vermont 1 - Idaho Falls 0 |
BOTTOM OF THE 1ST |
Idaho Falls Chukars batting - Pitching for Vermont Lake Monsters : LHP Jimmy Ford
|
Pitching: LHP Jimmy Ford
|
|
Batting: SHB Ryoji Hiraoka
|
0-0: Ball 1-0: Swinging Strike 1-1: Ball 2-1: Ground out 6-3 (Groundball, 6MD, EV 101.9 MPH)
|
Batting: RHB Kevin Allen
|
0-0: Called Strike 0-1: SINGLE (Groundball, 5D, EV 100.0 MPH)
|
Batting: RHB Eric Erickson
|
0-0: Ball 1-0: Fly out, F8 (Line Drive, 8LD, EV 100.0 MPH)
|
Batting: LHB Josh Dalton
|
0-0: Fly out, F9 (Flyball, 9LM, EV 84.4 MPH)
|
Bottom of the 1st over - 0 runs, 1 hit, 0 errors, 1 left on base; Vermont 1 - Idaho Falls 0 |
TOP OF THE 2ND |
Vermont Lake Monsters batting - Pitching for Idaho Falls Chukars : RHP Philip Terrell
|
Batting: LHB Jonathan McDaniel
|
0-0: Ball 1-0: SINGLE (Flyball, 3D, EV 85.0 MPH)
|
Batting: RHB Antonio Bautista
|
0-0: Ball 1-0: Ball Jonathan McDaniel steals 2nd base 2-0: Foul Ball, location: 2F 2-1: Foul Ball, location: 2RF, Error on foul ball, E2 2-2: Ball 3-2: Hit by Pitch
|
Batting: RHB Carlos Ballesteros
|
0-0: Called Strike 0-1: Ball 1-1: Swinging Strike 1-2: Foul Ball, location: 2F 1-2: Foul Ball, location: 2F 1-2: Hit by Pitch Jonathan McDaniel to third Antonio Bautista to second
|
Pitching: RHP Austin Aubuchon
|
|
Batting: LHB Juan Villafana
|
0-0: Ball 1-0: Foul Ball, location: 2F 1-1: SINGLE (Flyball, 8LS, EV 92.5 MPH) Jonathan McDaniel scores Antonio Bautista to third Carlos Ballesteros to second
|
Batting: RHB Jonathan Gallup
|
0-0: Foul Ball, location: 2F 0-1: Called Strike 0-2: Ball 1-2: GRAND SLAM HOME RUN (Flyball, 8LXD, EV 103.1 MPH), Distance : 407 ft
|
Batting: LHB Chance Stever
|
0-0: Foul Ball, location: 2F 0-1: Foul Ball, location: 2F 0-2: Foul Ball, location: 2F 0-2: Ball 1-2: Strikes out looking
|
Batting: LHB Lee Gerken
|
0-0: Ball 1-0: Ball 2-0: SINGLE (Groundball, 34D, EV 109.4 MPH)
|
Batting: RHB Eduardo Chavez
|
0-0: Ball 1-0: Called Strike 1-1: Ball 2-1: Called Strike 2-2: SINGLE (Groundball, 25, EV 71.2 MPH) (infield hit) Lee Gerken to second
|
Batting: RHB Armando Estrada
|
0-0: Called Strike 0-1: Ball 1-1: Ball 2-1: Ball 3-1: Base on Balls Lee Gerken to third Eduardo Chavez to second
|
Batting: LHB Jonathan McDaniel
|
0-0: Called Strike 0-1: Called Strike 0-2: Fly out, F7 (Line Drive, 7, EV 93.8 MPH) Runner from 3rd tags up, SCORES, throw by LF
|
Batting: RHB Antonio Bautista
|
0-0: Foul Ball, location: 2F 0-1: Ball 1-1: Ball 2-1: Ball 3-1: Foul Ball, location: 2F 3-2: Foul Ball, location: 2F 3-2: SINGLE (Groundball, 5D, EV 94.4 MPH) Eduardo Chavez to third Armando Estrada to second Eduardo Chavez scores Armando Estrada to third
|
Batting: RHB Carlos Ballesteros
|
0-0: Ball 1-0: Foul Ball, location: 2F 1-1: Ball 2-1: Fly out, F4 (Line Drive, 4, EV 76.9 MPH)
|
Top of the 2nd over - 7 runs, 6 hits, 1 error, 2 left on base; Vermont 8 - Idaho Falls 0 |
BOTTOM OF THE 2ND |
Idaho Falls Chukars batting - Pitching for Vermont Lake Monsters : LHP Jimmy Ford
|
Batting: RHB Nate De Jongh
|
0-0: Foul Ball, location: 2F 0-1: Ball 1-1: Fly out, F2 (Popup, 2R, EV 89.4 MPH)
|
Batting: RHB Justin Goff
|
0-0: Ball 1-0: Ball 2-0: Ground out 4-3 (Groundball, 4, EV 92.5 MPH)
|
Batting: RHB Edwin Ramos
|
0-0: Foul Ball, location: 2F 0-1: Ground out 6-3 (Groundball, 6, EV 93.1 MPH)
|
Bottom of the 2nd over - 0 runs, 0 hits, 0 errors, 0 left on base; Vermont 8 - Idaho Falls 0 |
TOP OF THE 3RD |
Vermont Lake Monsters batting - Pitching for Idaho Falls Chukars : RHP Austin Aubuchon
|
Batting: LHB Juan Villafana
|
0-0: Ball 1-0: Swinging Strike 1-1: Ball 2-1: Swinging Strike 2-2: Strikes out swinging
|
Batting: RHB Jonathan Gallup
|
0-0: Called Strike 0-1: Ball 1-1: Ball 2-1: SOLO HOME RUN (Flyball, 89XD, EV 110.0 MPH), Distance : 408 ft
|
Batting: LHB Chance Stever
|
0-0: SOLO HOME RUN (Line Drive, 9LD, EV 100.0 MPH), Distance : 371 ft
|
Pitching: LHP Randy Stapleton
|
|
Batting: LHB Lee Gerken
|
0-0: Ball 1-0: Foul Ball, location: 2F 1-1: Foul Ball, location: 2F 1-2: Ground out 4-3 (Groundball, 13, EV 80.0 MPH)
|
Batting: RHB Eduardo Chavez
|
0-0: Ball 1-0: Fly out, F9 (Flyball, 9S, EV 96.9 MPH)
|
Top of the 3rd over - 2 runs, 2 hits, 0 errors, 0 left on base; Vermont 10 - Idaho Falls 0 |
BOTTOM OF THE 3RD |
Idaho Falls Chukars batting - Pitching for Vermont Lake Monsters : LHP Jimmy Ford
|
Batting: RHB Ben Minge
|
0-0: Ball 1-0: Ground out 6-3 (Groundball, 6, EV 103.8 MPH)
|
Batting: RHB Timotheus Cooper
|
0-0: Ball 1-0: Called Strike 1-1: DOUBLE (Groundball, 5L, EV 107.5 MPH)
|
Batting: SHB Ryoji Hiraoka
|
0-0: Called Strike 0-1: DOUBLE (Line Drive, 3D, EV 106.9 MPH) Timotheus Cooper scores
|
Batting: RHB Kevin Allen
|
0-0: Ball 1-0: SINGLE (Groundball, 25, EV 74.4 MPH) (infield hit) Ryoji Hiraoka to third
|
Batting: RHB Eric Erickson
|
0-0: Foul Ball, location: 2F 0-1: Foul Ball, location: 2F 0-2: Strikes out looking
|
Batting: LHB Josh Dalton
|
0-0: Ball 1-0: Ball 2-0: Called Strike 2-1: DOUBLE (Flyball, 89D, EV 97.5 MPH) Ryoji Hiraoka scores Kevin Allen to third
|
Batting: RHB Nate De Jongh
|
0-0: SINGLE (Groundball, 6MD, EV 82.5 MPH) (infield hit) Kevin Allen scores Josh Dalton to third
|
Batting: RHB Justin Goff
|
0-0: Ground out 4-3 (Groundball, 4D, EV 101.9 MPH)
|
Bottom of the 3rd over - 3 runs, 5 hits, 0 errors, 2 left on base; Vermont 10 - Idaho Falls 3 |
TOP OF THE 4TH |
Vermont Lake Monsters batting - Pitching for Idaho Falls Chukars : LHP Randy Stapleton
|
Batting: RHB Armando Estrada
|
0-0: Ball 1-0: Ball 2-0: Ball 3-0: Base on Balls
|
Batting: LHB Jonathan McDaniel
|
0-0: Fielders Choice at 2nd, 4-6 (Groundball, 4, EV 102.5 MPH)
|
Batting: RHB Antonio Bautista
|
Balk! Jonathan McDaniel to second 0-0: Ball 1-0: Ball 2-0: Ball 3-0: Base on Balls
|
Batting: RHB Carlos Ballesteros
|
0-0: Foul Ball, location: 2F 0-1: Foul Ball, location: 2F 0-2: Ball 1-2: Ball Balk! Jonathan McDaniel to third Antonio Bautista to second Balk! Jonathan McDaniel scores Antonio Bautista to third 2-2: Ball 3-2: Ground out 2-3 (Groundball, 2R, EV 70.6 MPH)
|
Batting: LHB Juan Villafana
|
Balk! Antonio Bautista scores 0-0: Ball 1-0: DOUBLE (Line Drive, 89D, EV 105.6 MPH)
|
Batting: RHB Jonathan Gallup
|
0-0: Ball 1-0: Ball 2-0: Ball 3-0: Base on Balls
|
Batting: LHB Chance Stever
|
0-0: Called Strike Balk! Juan Villafana to third Jonathan Gallup to second 0-1: Swinging Strike 0-2: Foul Ball, location: 2F 0-2: Foul Ball, location: 2F 0-2: Ball 1-2: Ball 2-2: Fly out, F9 (Line Drive, 9D, EV 103.8 MPH)
|
Top of the 4th over - 2 runs, 1 hit, 0 errors, 2 left on base; Vermont 12 - Idaho Falls 3 |
BOTTOM OF THE 4TH |
Idaho Falls Chukars batting - Pitching for Vermont Lake Monsters : LHP Jimmy Ford
|
Batting: RHB Edwin Ramos
|
0-0: Swinging Strike 0-1: Ball 1-1: Called Strike 1-2: Foul Ball, location: 2F 1-2: Strikes out swinging
|
Batting: RHB Ben Minge
|
0-0: Ball 1-0: Ball 2-0: Foul Ball, location: 2F 2-1: Ball 3-1: Base on Balls
|
Batting: RHB Timotheus Cooper
|
0-0: Ball 1-0: Fly out, F8 (Flyball, 89XD, EV 82.5 MPH)
|
Batting: SHB Ryoji Hiraoka
|
0-0: Ball 1-0: Called Strike 1-1: Called Strike 1-2: Fielders Choice at 2nd, 6-4 (Groundball, 6, EV 106.2 MPH)
|
Bottom of the 4th over - 0 runs, 0 hits, 0 errors, 1 left on base; Vermont 12 - Idaho Falls 3 |
TOP OF THE 5TH |
Vermont Lake Monsters batting - Pitching for Idaho Falls Chukars : LHP Randy Stapleton
|
Batting: LHB Lee Gerken
|
0-0: Ball 1-0: Ball 2-0: Called Strike 2-1: Ball 3-1: Base on Balls
|
Batting: RHB Eduardo Chavez
|
0-0: Foul Ball, location: 2F 0-1: Ball 1-1: Swinging Strike 1-2: Grounds into double play, 5-4-3 (Groundball, 5, EV 103.8 MPH)
|
Batting: RHB Armando Estrada
|
0-0: Called Strike 0-1: Ball 1-1: Ball 2-1: Ball 3-1: Swinging Strike 3-2: Foul Ball, location: 2F 3-2: Base on Balls
|
Batting: LHB Jonathan McDaniel
|
0-0: Ball 1-0: Foul Ball, location: 2F 1-1: Called Strike Balk! Armando Estrada to second 1-2: Ball 2-2: Ball 3-2: Base on Balls
|
Batting: RHB Antonio Bautista
|
0-0: DOUBLE (Line Drive, 89D, EV 105.0 MPH) Armando Estrada scores Jonathan McDaniel to third Runner from 3rd tries for Home, SAFE, no throw by CF
|
Pitching: RHP Danny Ballenger
|
|
Batting: RHB Carlos Ballesteros
|
0-0: Ball 1-0: Swinging Strike 1-1: Ball 2-1: Ball 3-1: Base on Balls
|
Batting: LHB Juan Villafana
|
0-0: Ball 1-0: Ground out 5-3 (Groundball, 56S, EV 63.8 MPH)
|
Top of the 5th over - 2 runs, 1 hit, 0 errors, 2 left on base; Vermont 14 - Idaho Falls 3 |
BOTTOM OF THE 5TH |
Idaho Falls Chukars batting - Pitching for Vermont Lake Monsters : LHP Jimmy Ford
|
Batting: RHB Kevin Allen
|
0-0: SINGLE (Groundball, 56D, EV 100.6 MPH)
|
Batting: RHB Eric Erickson
|
0-0: Swinging Strike 0-1: Ball 1-1: Ball 2-1: Fielders Choice at 2nd, 3-6 (Groundball, 34, EV 100.6 MPH)
|
Batting: LHB Josh Dalton
|
0-0: Called Strike 0-1: Fly out, F8 (Line Drive, 8RD, EV 93.8 MPH)
|
Batting: RHB Nate De Jongh
|
0-0: Called Strike Eric Erickson is caught stealing 2nd base 2-4
|
Bottom of the 5th over - 0 runs, 1 hit, 0 errors, 0 left on base; Vermont 14 - Idaho Falls 3 |
TOP OF THE 6TH |
Vermont Lake Monsters batting - Pitching for Idaho Falls Chukars : RHP Danny Ballenger
|
Batting: RHB Jonathan Gallup
|
0-0: Hit by Pitch
|
Batting: LHB Chance Stever
|
0-0: Ball 1-0: Foul Ball, location: 2F 1-1: Grounds into double play, 5-4-3 (Groundball, 56S, EV 87.5 MPH)
|
Batting: LHB Lee Gerken
|
0-0: Ball 1-0: Ball 2-0: Ball 3-0: Called Strike 3-1: Base on Balls
|
Batting: RHB Eduardo Chavez
|
0-0: Ball 1-0: Ball 2-0: Ball 3-0: Base on Balls Lee Gerken to second
|
Batting: RHB Armando Estrada
|
Balk! Lee Gerken to third Eduardo Chavez to second 0-0: Ball 1-0: Ball 2-0: Ground out 4-3 (Groundball, 4MD, EV 108.8 MPH)
|
Top of the 6th over - 0 runs, 0 hits, 0 errors, 2 left on base; Vermont 14 - Idaho Falls 3 |
BOTTOM OF THE 6TH |
Idaho Falls Chukars batting - Pitching for Vermont Lake Monsters : LHP Jimmy Ford
|
Batting: RHB Nate De Jongh
|
0-0: Ground out 4-3 (Groundball, 4, EV 86.9 MPH)
|
Batting: RHB Justin Goff
|
0-0: Foul Ball, location: 2F 0-1: Swinging Strike 0-2: Ball 1-2: Ground out 1-3 (Groundball, 15S, EV 73.1 MPH)
|
Batting: RHB Edwin Ramos
|
0-0: Foul Ball, location: 2F 0-1: Foul Ball, location: 2F 0-2: Fly out, F9 (Flyball, 9LM, EV 89.4 MPH)
|
Bottom of the 6th over - 0 runs, 0 hits, 0 errors, 0 left on base; Vermont 14 - Idaho Falls 3 |
TOP OF THE 7TH |
Vermont Lake Monsters batting - Pitching for Idaho Falls Chukars : RHP Danny Ballenger
|
Batting: LHB Jonathan McDaniel
|
0-0: Ball 1-0: Fly out, F9 (Flyball, 9S, EV 93.1 MPH)
|
Batting: RHB Antonio Bautista
|
0-0: Ground out 5-3 (Groundball, 56, EV 79.4 MPH)
|
Pinch Hitting: RHB Justin Menotti
|
0-0: Fly out, F8 (Flyball, 8RM, EV 88.8 MPH)
|
Top of the 7th over - 0 runs, 0 hits, 0 errors, 0 left on base; Vermont 14 - Idaho Falls 3 |
BOTTOM OF THE 7TH |
Idaho Falls Chukars batting - Pitching for Vermont Lake Monsters : LHP Jimmy Ford
|
Now at SS: Justin Menotti
|
|
Batting: RHB Ben Minge
|
0-0: Ball 1-0: Ball 2-0: Called Strike 2-1: Ball 3-1: SINGLE (Groundball, 34D, EV 103.8 MPH)
|
Batting: RHB Timotheus Cooper
|
0-0: Called Strike 0-1: Foul Ball, location: 2F 0-2: Ball 1-2: Strikes out swinging
|
Batting: SHB Ryoji Hiraoka
|
0-0: Ball 1-0: SINGLE (Line Drive, 78S, EV 99.4 MPH) Ben Minge to second
|
Pinch Hitting: RHB Chad Sullivan
|
0-0: Called Strike 0-1: Ball 1-1: Ball 2-1: Fielders Choice at 2nd, 1-4 (Groundball, 25, EV 70.0 MPH) Ben Minge to third
|
Pinch Hitting: LHB Joe Cozart
|
0-0: Called Strike 0-1: Ball Balk! Ben Minge scores Chad Sullivan to second 1-1: Hit by Pitch
|
Batting: LHB Josh Dalton
|
0-0: Ball Wild Pitch! Chad Sullivan to third Joe Cozart to second 1-0: Swinging Strike 1-1: Foul Ball, location: 2F 1-2: Strikes out swinging
|
Bottom of the 7th over - 1 run, 2 hits, 0 errors, 2 left on base; Vermont 14 - Idaho Falls 4 |
TOP OF THE 8TH |
Vermont Lake Monsters batting - Pitching for Idaho Falls Chukars : RHP Danny Ballenger
|
Now in LF: David Bearden
|
|
Now in CF: Chad Sullivan
|
|
Now in RF: Josh Dalton
|
|
Pinch Hitting: RHB Mario Ramos
|
0-0: Ball 1-0: Called Strike 1-1: Ball 2-1: Foul Ball, location: 2F 2-2: Ball 3-2: Foul Ball, location: 2F 3-2: Reached on error, E3 (Groundball, 3L, EV 106.2 MPH)
|
Batting: RHB Jonathan Gallup
|
0-0: Ball 1-0: Foul Ball, location: 2F 1-1: Fly out, F8 (Flyball, 8RD, EV 100.6 MPH)
|
Batting: LHB Chance Stever
|
0-0: Ball 1-0: Ground out 6-3 (Groundball, 6MS, EV 92.5 MPH) Mario Ramos to second
|
Pinch Hitting: RHB Casey Nicita
|
0-0: Called Strike 0-1: Ball 1-1: Called Strike 1-2: Ground out 6-3 (Groundball, 6, EV 81.9 MPH)
|
Top of the 8th over - 0 runs, 0 hits, 1 error, 1 left on base; Vermont 14 - Idaho Falls 4 |
BOTTOM OF THE 8TH |
Idaho Falls Chukars batting - Pitching for Vermont Lake Monsters : LHP Jimmy Ford
|
Now at 1B: Casey Nicita
|
|
Now in CF: Mario Ramos
|
|
Batting: RHB Nate De Jongh
|
0-0: Ball 1-0: Ball 2-0: Ball 3-0: Called Strike 3-1: Called Strike 3-2: Strikes out looking
|
Pinch Hitting: RHB Adam Krieger
|
0-0: Fly out, F9 (Flyball, 89S, EV 79.4 MPH)
|
Batting: RHB Edwin Ramos
|
0-0: Called Strike 0-1: Ball 1-1: Swinging Strike 1-2: Strikes out swinging
|
Bottom of the 8th over - 0 runs, 0 hits, 0 errors, 0 left on base; Vermont 14 - Idaho Falls 4 |
TOP OF THE 9TH |
Vermont Lake Monsters batting - Pitching for Idaho Falls Chukars : RHP Danny Ballenger
|
Pitching: LHP Manny Berrones
|
|
Now at 1B: Adam Krieger
|
|
Pinch Hitting: RHB Fathi Addae
|
0-0: Called Strike 0-1: Called Strike 0-2: Ball 1-2: Foul Ball, location: 2F 1-2: SINGLE (Flyball, 56D, EV 87.5 MPH)
|
Pinch Hitting: RHB Brian Rathbun
|
0-0: Called Strike 0-1: Ball 1-1: Ball 2-1: Ball 3-1: Base on Balls Fathi Addae to second
|
Pinch Hitting: LHB Mark Friedmann
|
0-0: Called Strike 0-1: Fielders Choice at 2nd, 4-6 (Groundball, 4, EV 81.2 MPH) Fathi Addae to third
|
Pinch Hitting: LHB Chris Hamilton
|
0-0: Ball 1-0: Called Strike 1-1: Ball 2-1: Ball 3-1: Base on Balls Mark Friedmann to second
|
Batting: RHB Justin Menotti
|
0-0: Called Strike 0-1: Ball 1-1: Ball 2-1: SINGLE (Groundball, 25, EV 69.4 MPH) (infield hit) Fathi Addae scores Mark Friedmann to third Chris Hamilton to second
|
Pinch Hitting: LHB Youp van Erp
|
0-0: Called Strike 0-1: Ball 1-1: Called Strike 1-2: Strikes out swinging
|
Batting: RHB Jonathan Gallup
|
0-0: Ball 1-0: Called Strike 1-1: Called Strike 1-2: Ball 2-2: Ball 3-2: Base on Balls Mark Friedmann scores Chris Hamilton to third Justin Menotti to second
|
Batting: LHB Chance Stever
|
0-0: Foul Ball, location: 2F 0-1: Ball Passed Ball! Chris Hamilton scores Justin Menotti to third Jonathan Gallup to second 1-1: Ground out 2-3 (Groundball, 15S, EV 71.9 MPH)
|
Top of the 9th over - 3 runs, 2 hits, 0 errors, 2 left on base; Vermont 17 - Idaho Falls 4 |
BOTTOM OF THE 9TH |
Idaho Falls Chukars batting - Pitching for Vermont Lake Monsters : LHP Jimmy Ford
|
Pitching: RHP Harry Barnes
|
|
Now at C: Brian Rathbun
|
|
Now at 2B: Fathi Addae
|
|
Now at 3B: Jose Zamarripa
|
|
Now in CF: Mark Friedmann
|
|
Now in RF: Youp van Erp
|
|
Batting: RHB Ben Minge
|
0-0: Ball 1-0: SINGLE (Groundball, 4D, EV 105.6 MPH)
|
Batting: RHB Timotheus Cooper
|
0-0: Called Strike 0-1: Ball 1-1: Grounds into double play, 6-4-3 (Groundball, 6, EV 105.6 MPH)
|
Batting: SHB Ryoji Hiraoka
|
0-0: Called Strike 0-1: Swinging Strike 0-2: Strikes out swinging
|
Bottom of the 9th over - 0 runs, 1 hit, 0 errors, 0 left on base; Vermont 17 - Idaho Falls 4 |
|